Cogmind - Beta 16 @@@ ROGUE MODE // 2025.10.26 @ 16:41:15 Player: Lazz Result: Destroyed by D-53 Grenadier with Mini Grenade Launcher Performance ------------- Evolutions (0) 0 Regions Visited (4) 800 Robots Destroyed (9) 45 Value Destroyed (312) 312 Prototype IDs (27) 540 Alien Tech Used (0) 0 Bonus (300) 300 TOTAL SCORE: 1997 Bonus ------- Aligned with FarCom 300 Cogmind --------- Core Integrity 0/250 Matter 300/300 Energy 100/100 System Corruption 0% Temperature Cool (0) Movement Walking (400) Ox4 Location -9/Mines Parts ------- > --- POWER (1) -------- (None) > --- PROPULSION (2) --- Aluminum Leg > --- UTILITY (2) ------ Improved Heat Sink High-capacity Storage Unit > --- WEAPON (2) ------- Small Laser Small Laser > --- INVENTORY (20) --- Light Ion Engine Nuclear Core Nuclear Core Reinforced Deuterium Engine Light Treads Light Treads Aluminum Leg Medium Storage Unit Superbattery (1500) Targeting Computer Battle Cannon Peak State ------------ > --- POWER ------------ Light Nuclear Core > --- PROPULSION ------- Aluminum Leg Aluminum Leg > --- UTILITY ---------- Improved Heat Sink High-capacity Storage Unit > --- WEAPON ----------- Small Laser Small Laser > --- INVENTORY -------- Light Ion Engine Nuclear Core Nuclear Core Reinforced Deuterium Engine Light Treads Light Treads Aluminum Leg Medium Storage Unit Superbattery Targeting Computer Battle Cannon [Rating: 13] Favorites ----------- Power Light Nuclear Core Engine Ion Engine Power Core Light Nuclear Core Propulsion Aluminum Leg Leg Aluminum Leg Utility Improved Heat Sink Device Improved Heat Sink Storage High-capacity Storage Unit Weapon Small Laser Energy Gun Small Laser Ballistic Gun Assault Rifle Build | -11 -10 -10 -10 -9 ------- Run | Yrd Mat Min Exi Min Slots Evolved . | . . . . . Power . | . . . . . Propulsion . | . . . . . Utility . | . . . . . Weapon . | . . . . . Parts Attached 18 | 6 8 2 2 . Power 3 | 1 1 . 1 . Engine 2 | 1 1 . . . Core 1 | . . . 1 . Reactor . | . . . . . Propulsion 7 | 2 4 1 . . Treads . | . . . . . Leg 7 | 2 4 1 . . Wheel . | . . . . . Hover . | . . . . . Flight . | . . . . . Utility 5 | 1 2 1 1 . Device 2 | . 1 1 . . Storage 3 | 1 1 . 1 . Processor . | . . . . . Hackware . | . . . . . Protection . | . . . . . Artifact . | . . . . . Weapon 3 | 2 1 . . . Energy Gun 2 | 1 1 . . . Energy Cannon . | . . . . . Ballistic Gun 1 | 1 . . . . Ballistic Cannon . | . . . . . Launcher . | . . . . . Special Weapon . | . . . . . Impact Weapon . | . . . . . Slashing Weapon . | . . . . . Piercing Weapon . | . . . . . Special Melee Weapon . | . . . . . Unidentified Prototypes . | . . . . . Parts Lost 3 | . 1 . . 2 Power 2 | . 1 . . 1 Propulsion 1 | . . . . 1 Utility . | . . . . . Weapon . | . . . . . Highest Loss Streak 2 | . 1 . . 2 To Critical Strikes . | . . . . . Average Backups 8 | 3 4 6 9 11 Power 3 | 1 1 2 3 4 Propulsion 3 | 1 2 3 3 3 Utility 1 | . . 1 1 3 Weapon . | . . . 1 1 Tool/Special . | . . . . . Unused Backups 10 | . . . . 10 Power 4 | . . . . 4 Propulsion 3 | . . . . 3 Utility 2 | . . . . 2 Weapon 1 | . . . . 1 Tool/Special . | . . . . . Average Slot Usage (%) 98 | . 89 100 100 100 Engine 4 | . 12 14 . . Core 9 | . . . 13 14 Leg 28 | . 28 28 28 28 Device 12 | . 5 14 14 14 Storage 14 | . 14 14 14 14 Energy Gun 26 | . 18 28 28 28 Ballistic Gun 1 | . 9 . . . Peak Build Rating 13 | 6 9 10 13 13 Average Rating 10 | 3 7 9 12 12 On Entrance 7 | . 6 9 10 13 Avg Prop Armor Cover (%) 9 | . . 9 . . Naked Turns . | . . . . . Heaviest Build 48 | 11 18 18 48 48 Greatest Support 20 | 20 20 20 20 20 Greatest Overweight (x) 2 | 1 . 1 2 2 Average Overweight (x) . | . . . 1 2 Largest Inventory Capacity 20 | 8 10 10 20 20 Average Capacity 14 | 7 8 10 17 20 Most Carried 11 | 8 7 8 11 11 Average Carried 8 | 3 4 6 9 11 Final Capacity 20 | 8 10 10 20 20 Final Carried 11 | 4 7 7 11 11 Class Distribution -------------------- 89% | Scavenger-Mutant 10% | Mutant Dominant Class ---------------- Mutant | -10/Materials Scavenger-Mutant | -10/Mines Scavenger-Mutant | -10/Exiles Scavenger-Mutant | -9/Mines Resources | -11 -10 -10 -10 -9 ----------- Run | Yrd Mat Min Exi Min Matter Collected 435 | 135 214 66 . 20 Remotely . | . . . . . Salvage Created 519 | . 288 231 . . Parts 25 | . 18 7 . . Haulers Intercepted . | . . . . . Recyclers Shooed . | . . . . . Parts Field Recycled . | . . . . . Retrieved Matter . | . . . . . Parts Self-Destructed . | . . . . . Prevented . | . . . . . Parts Restored . | . . . . . Kills | -11 -10 -10 -10 -9 ------- Run | Yrd Mat Min Exi Min Combat Hostiles Destroyed 8 | . 6 2 . . Guns 8 | . 6 2 . . Classes Destroyed 2 | . 2 . . . Worker 1 | . 1 . . . Grunt 8 | . 6 2 . . Best Kill Streak 5 | . 5 1 . . Combat Bots Only 4 | . 4 1 . . Max Kills in Single Turn 1 | . 1 1 . . Gunslinging . | . . . . . Exploded . | . . . . . Melee . | . . . . . Uniques/NPCs Destroyed . | . . . . . Combat | -11 -10 -10 -10 -9 -------- Run | Yrd Mat Min Exi Min Hostile Shots Fired 76 | . 56 9 . 11 Missed 21 | . 20 1 . . Hits 55 | . 36 8 . 11 Projectile 55 | . 36 8 . 11 AOE 11 | . . . . 11 Damage Taken 1023 | . 476 133 . 414 Core 250 | . 81 34 . 135 Absorbed by Shields . | . . . . . Core Remaining (%) 100 | 100 . . . . Volleys Fired 38 | . 25 13 . . Largest 2 | . 2 2 . . Hottest 80 | . 80 80 . . Shots Fired 76 | . 50 26 . . Gun 76 | . 50 26 . . Cannon . | . . . . . Launcher . | . . . . . Special . | . . . . . Kinetic 20 | . 20 . . . Thermal 56 | . 30 26 . . Explosive . | . . . . . Electromagnetic . | . . . . . Robot Hit Streak 11 | . 11 10 . . Robot Miss Streak 2 | . 2 1 . . Penetration Max . | . . . . . Secondary Targets 1 | . 1 . . . Max Gunslinging Chain 1 | . 1 . . . Shots Hit Robots 50 | . 32 18 . . Core Hits 24 | . 16 8 . . Critical Kills . | . . . . . Critical Parts Destroyed 1 | . 1 . . . Critical Strikes 1 | . 1 . . . Destroy 1 | . 1 . . . Melee Attacks . | . . . . . Impact . | . . . . . Slashing . | . . . . . Piercing . | . . . . . Sneak Attacks . | . . . . . Combat Hostiles . | . . . . . Follow-up Attacks . | . . . . . Damage Inflicted 562 | . 367 195 . . Guns 562 | . 367 195 . . Cannons . | . . . . . Explosions . | . . . . . Melee . | . . . . . Ramming . | . . . . . Kinetic 158 | . 158 . . . Thermal 404 | . 209 195 . . Explosive . | . . . . . Electromagnetic . | . . . . . Impact . | . . . . . Slashing . | . . . . . Piercing . | . . . . . Highest Corruption . | . . . . . Average Corruption . | . . . . . Corruption Purged . | . . . . . Corruption Blocked . | . . . . . Overload Shots . | . . . . . Overflow Damage . | . . . . . Projectiles . | . . . . . Explosions . | . . . . . Melee . | . . . . . Knockbacks . | . . . . . Impact . | . . . . . Kinetic . | . . . . . Secondary . | . . . . . Self-Inflicted Damage . | . . . . . Shots . | . . . . . Rammed . | . . . . . Targets Rammed . | . . . . . Kicked . | . . . . . Crushed . | . . . . . Highest Temperature 83 | . 83 1 . . Average Temperature 44 | . 51 1 . . Received Heat Transfer 342 | . 270 72 . . Siege Activations . | . . . . . Martial Activations . | . . . . . Shielding Activations . | . . . . . Robots Disrupted . | . . . . . Combat Hostiles . | . . . . . Robots Corrupted . | . . . . . Combat Hostiles . | . . . . . Parts Fried . | . . . . . Impact Corruptions . | . . . . . Robots Melted . | . . . . . Combat Hostiles . | . . . . . Parts Melted . | . . . . . Heat Transferred 925 | . 475 450 . . Parts Sabotaged . | . . . . . Parts Stolen . | . . . . . Parts Stripped . | . . . . . Power Chain Reactions . | . . . . . Alert | -11 -10 -10 -10 -9 ------- Run | Yrd Mat Min Exi Min Maximum Alert Level . | . . . . . Low Security (%) 100 | 100 100 100 . 100 Level 1 . | . . . . . Level 2 . | . . . . . Level 3 . | . . . . . Level 4 . | . . . . . Level 5 . | . . . . . High Security . | . . . . . Max Security . | . . . . . Peak Influence 150 | . 150 65 . . Initial 50 | . . 50 . . Average 24 | . 51 16 . . Influence Increases 295 | . 230 65 . . Destroy 0b10 Robot/C 160 | . 120 40 . . Destroy 0b10 Robot/NC 20 | . 5 15 . . Destroy Leader 30 | . 20 10 . . Successful Hack 10 | . 10 . . . Select Force Hacks 30 | . 30 . . . Lose Combat Pursuer 45 | . 45 . . . Influence Decreases 295 | . 100 181 14 . Entered New Map 94 | . . 80 14 . Time Decay 201 | . 100 101 . . Squads Dispatched 1 | . 1 . . . Investigation 1 | . 1 . . . Extermination . | . . . . . Reinforcement . | . . . . . Assault . | . . . . . Garrison . | . . . . . Intercept . | . . . . . Searches Triggered . | . . . . . Construction Impeded . | . . . . . Haulers Reinforced . | . . . . . Active Scanning Responses . | . . . . . Cargo Convoy Interrupts . | . . . . . Stealth | -11 -10 -10 -10 -9 --------- Run | Yrd Mat Min Exi Min Distress Signals 2 | . 2 . . . Communications Jammed . | . . . . . Distress Signals . | . . . . . Times Spotted 17 | . 12 2 . 3 Peak Tracking Total 5 | . 5 2 . 2 Tactical Retreats 2 | . 2 . . . Traps | -11 -10 -10 -10 -9 ------- Run | Yrd Mat Min Exi Min Traps Triggered . | . . . . . Indirectly . | . . . . . Trap Hack Attempts . | . . . . . Triggered . | . . . . . Disarmed . | . . . . . Reprogrammed . | . . . . . Reused . | . . . . . Traps Extracted . | . . . . . Installed . | . . . . . Triggered . | . . . . . Machines | -11 -10 -10 -10 -9 ---------- Run | Yrd Mat Min Exi Min Machines Disabled . | . . . . . Max in Single Turn . | . . . . . Machines Repaired . | . . . . . Machines Dismantled . | . . . . . Machines Sabotaged . | . . . . . Overloaded Fab Kills . | . . . . . Hacking | -11 -10 -10 -10 -9 --------- Run | Yrd Mat Min Exi Min Machines Accessed 8 | . 3 . 5 . Terminals 2 | . 2 . . . Fabricators . | . . . . . Repair Stations . | . . . . . Recycling Units 1 | . 1 . . . Scanalyzers . | . . . . . Garrison Access . | . . . . . Total Hacks 61 | . 11 . 50 . Successful 55 | . 5 . 50 . Failed 6 | . 6 . . . Catastrophic 1 | . 1 . . . Database Lockouts . | . . . . . Manual 9 | . 8 . 1 . Terminals 10 | . 10 . . . Fabricators . | . . . . . Repair Stations . | . . . . . Recycling Units 1 | . 1 . . . Scanalyzers . | . . . . . Garrison Access . | . . . . . Terminal Hacks 52 | . 2 . 50 . Record 49 | . . . 49 . Prototype ID Bank 2 | . 2 . . . Proto ID Catalog 1 | . . . 1 . Fabricator Hacks . | . . . . . Repair Station Hacks . | . . . . . Recycling Unit Hacks . | . . . . . Scanalyzer . | . . . . . Garrison Access Hacks . | . . . . . Unauthorized Hacks 3 | . 3 . . . Terminals 2 | . 2 . . . Botnet 2 | . 2 . . . Fabricators . | . . . . . Repair Stations . | . . . . . Recycling Units 1 | . 1 . . . Tunnel 1 | . 1 . . . Scanalyzers . | . . . . . Garrison Access . | . . . . . Data Cores Recovered . | . . . . . Used . | . . . . . Hacking Detections 1 | . 1 . . . Full Trace Events 1 | . 1 . . . Feedback Events . | . . . . . Feedback Blocked . | . . . . . Robot Schematics Acquired . | . . . . . Robots Built . | . . . . . Authchips . | . . . . . Time . | . . . . . Total Robot Build Rating . | . . . . . Part Schematics Acquired . | . . . . . Parts Built . | . . . . . Authchips . | . . . . . Time . | . . . . . Total Part Build Rating . | . . . . . Part Studies Acquired . | . . . . . Parts Repaired . | . . . . . Time . | . . . . . Parts Recycled . | . . . . . Recycled Matter . | . . . . . Retrieved Matter . | . . . . . Retrieved Components . | . . . . . Parts Scanalyzed . | . . . . . Part Schematics Acquired . | . . . . . Parts Damaged . | . . . . . Bothacking | -11 -10 -10 -10 -9 ------------ Run | Yrd Mat Min Exi Min Used RIF Installer . | . . . . . Robots Hacked . | . . . . . Non-combat . | . . . . . Combat . | . . . . . Robot Hacks Applied . | . . . . . Relay Couplers Released . | . . . . . Fabnet Peak Effective % . | . . . . . Robots Rewired . | . . . . . Allies Hacked . | . . . . . Hacks Repelled . | . . . . . Allies | -11 -10 -10 -10 -9 -------- Run | Yrd Mat Min Exi Min Total Allies . | . . . . . Largest Group . | . . . . . Highest-Rated Group . | . . . . . Highest-Rated Ally . | . . . . . Total Orders . | . . . . . Ally Attacks . | . . . . . Total Damage . | . . . . . Kills . | . . . . . Allies Corrupted . | . . . . . Allies Melted . | . . . . . Intel | -11 -10 -10 -10 -9 ------- Run | Yrd Mat Min Exi Min Active Infowar (turns) . | . . . . . Robot Analysis Total . | . . . . . Derelict Logs Recovered 2 | . . 2 . . Drone Launches . | . . . . . Drone Recoveries . | . . . . . Exploration | -11 -10 -10 -10 -9 ------------- Run | Yrd Mat Min Exi Min Turns Passed 2522 | 64 323 430 1584 121 Spaces Moved 1340 | 46 141 317 789 47 Core 23 | 23 . . . . Treads . | . . . . . Legs 1317 | 23 141 317 789 47 Wheels . | . . . . . Hover . | . . . . . Flight . | . . . . . Fastest Speed 50 | 50 120 120 120 260 Average Speed 171 | 105 120 120 200 260 Slowest Speed 260 | 120 120 190 260 260 Overloaded Moves . | . . . . . Propulsion Burnouts . | . . . . . Robots Hopped . | . . . . . Potential Cave-ins . | . . . . . Cave-ins Triggered . | . . . . . Exploration Rate (%) 45 | 5 44 63 93 21 Regions Visited 4 Branch Regions 3 Pre-discovered Areas 2 | . 1 . 1 . Known Exits Taken . | . . . . . Unknown Exits Taken 4 | 1 1 1 1 . Scrap Searched 2 | . . 1 . 1 Spaces Dug . | . . . . . Terrain Destroyed . | . . . . . Melee . | . . . . . Projectile . | . . . . . AOE . | . . . . . Terrain Rammed . | . . . . . Walls Destroyed . | . . . . . Machines Disabled . | . . . . . Actions | -11 -10 -10 -10 -9 --------- Run | Yrd Mat Min Exi Min Total 1486 | 61 244 339 795 47 Wait 65 | . 62 3 . . Move 1336 | 45 140 316 788 47 Hop . | . . . . . Pick Up 20 | 10 4 2 4 . Fast Attach 2 | . 2 . . . Attach 8 | 6 1 . 1 . Detach . | . . . . . Swap 8 | . 5 2 1 . Drop 9 | . 5 3 1 . Fire 38 | . 25 13 . . Melee . | . . . . . Ram . | . . . . . Kick . | . . . . . Crush . | . . . . . Escape Stasis . | . . . . . Rewire . | . . . . . Trap . | . . . . . Miscellaneous . | . . . . . Route ------- -11/Scrapyard -10/Materials -10/Mines (discovered 4 exits: [*Mat x2] / *Exi / [*Sub]) -10/Exiles -9/Mines History --------- Turn | Location | Event 14 | -11/Scrapyard | Discovered new exit (range 15) 65 | -11/Scrapyard | Entered Materials 368 | -10/Materials | Discovered new exit (range 15) 388 | -10/Materials | Entered Mines 465 | -10/Mines | Discovered new exit (range 9) 497 | -10/Mines | Discovered new exit (range 10) 551 | -10/Mines | Build established: Scavenger-Mutant 557 | -10/Mines | Learned location of 1 exit from Materials 640 | -10/Mines | Discovered new exit (range 6) 790 | -10/Mines | Learned Materials trap positions 798 | -10/Mines | A weapon hastily lodged in a ceiling crevice suddenly fell to the ground 813 | -10/Mines | Deemed a non-threat by the Exiles lab entrance 813 | -10/Mines | Discovered new exit (range 5) 818 | -10/Mines | Entered Exiles 870 | -10/Exiles | Met 8R-AWN 897 | -10/Exiles | Met EX-HEX 931 | -10/Exiles | Met EX-BIN 1076 | -10/Exiles | Met EX-DEC 1105 | -10/Exiles | Learned location of Zion (-7) 1175 | -10/Exiles | Discovered new exit (range 14) 1534 | -10/Exiles | Visited The Gauntlet 2017 | -10/Exiles | Aligned with FarCom system 2019 | -10/Exiles | Given EX-Vault access code 2092 | -10/Exiles | Opened EX-Vault 2105 | -10/Exiles | Found Prototype Storage 2109 | -10/Exiles | Identified Superbattery 2163 | -10/Exiles | Warned to stay clear of 0b10 Research branches 2402 | -10/Exiles | Left Exiles lab with Superbattery 2402 | -10/Exiles | Entered Mines 2412 | -9/Mines | Met a Derelict bent on vengeance 2461 | -9/Mines | Assembled infested the area 2466 | -9/Mines | Assisted by a Guerilla fighting off Assembled 2515 | -9/Mines | Core integrity fell below 50% 2522 | -9/Mines | Core integrity fell below 20% 2523 | -9/Mines | Destroyed by D-53 Grenadier with Mini Grenade Launcher Last Messages --------------- Demolisher response squad. A derelict emerges from the shadows: "You need to get out of here! I've been tracking a group of Assembled to figure out where they're coming from, and they're closing on this area, come on!" K-01 Serf collects debris. C-45 Heavy ARC bursts open, deploying its payload. D-53 Grenadier unfolds itself. K-01 Serf destroyed. The unstable cave ceiling collapses. K-01 Serf collects debris. The unstable cave ceiling collapses. K-01 Serf collects debris. U-05 Engineer lays Concrete. Lgt. Nuclear Core destroyed. The unstable cave ceiling collapses. U-05 Engineer lays Concrete. Aluminum Leg destroyed. Map ----- +----------------------------------------------------+ | ?????????????????????????????????????????????????? | | ?????????????????????????????????????????????????? | | ?????????????????????????????????????????????????? | | ?????????????????????????????????????????????????? | | ???????###???????????????????????????????????????? | | ?????### ##?????????????????????????????????????? | | ????## ##????????????????????????????????????? | | ????# ##???????????????????????????????????? | | ????# ####????????????????????????????????? | | ?????# ##???????????????????????????????? | | ?????# ###?????????????????????????????? | | ??????# ##????????????????????????????? | | ???????# ###??????????????????????????? | | ???????## ##?????????????????????????? | | ????????## #?????????????????????????? | | ?????????# #????#??????? ????????????? | | ?????????# ##??? #?????? ???????????? | | ?????????# ##???? #????? ???????????? | | ?????????# ##????? #???? ???????????? | | ?????????## ###?##### ##?? #????????????? | | ??????????## ##??## ## #?????????????? | | ???????????# ##### u % #??????????????? | | ???????????## [%## dk #???????????????? | | ????????????## d #?????????????????? | | ?????????????## #??????????????????? | | ??????????????## @ ##?????????????????? | | ???????????????### #?????????????????? | | ?????????????????# #?????????????????? | | ?????????????????# ##?????????????????? | | ?????????????????## ###??????????????????? | | ??????????????????## ###????????????????????? | | ??????????????###### #####??????????????????????? | | ??????????????# #?????????????????????????? | | ??????????????# #?????????????????????????? | | ??????????# #?????????????????????????? | | ??????????# #?????????????????????????? | | ??????????##### """ #?????????????????????????? | | ??????????????# """ #?????????????????????????? | | ??????????????# """ #?????????????????????????? | | ??????????????# #?????????????????????????? | | ??????????????##########?????????????????????????? | | ?????????????????????????????????????????????????? | | ?????????????????????????????????????????????????? | | ?????????????????????????????????????????????????? | | | | | | | | | | | | | +----------------------------------------------------+ Best States ------------- Heat Dissipation 39 Energy Generation 14 Energy Capacity 250 Matter Stores 300 Matter Capacity 300 Sight Range 16 Terrain Scan Density 10 Evasion (%) 55 Item Schematics ----------------- None Robot Schematics ------------------ None Fabricated ------------ Nothing Repaired ---------- Nothing Studied --------- None Alien Tech Used ----------------- None Achievements -------------- Sixth Sense Challenges ------------ None Game ------ Seed CargoSwordSuit Manual? 0 Play Time 00:25:48 Cumulative 25.7 hours Start 2025.10.26 @ 16:15:27 End 2025.10.26 @ 16:41:15 Sessions 1 Manual Loads 0 Difficulty Rogue Special Mode None Game No. 31 Rogue 31 Adventurer 0 Explorer 0 Win Type - Total 0 Types 0/0/0/0/0/0/0/0/0/0 Lore% 18 Gallery% 26 Achievement% 19 Wizard Run 0 Options --------- Layout 1 ASCII 0 Keyboard 0 Movement Mouse Keybinds 0 Fullscreen 1 Font 24/Smallcaps Map View 50x35 Zoom Use 0% Tactical HUD 0 Map Filters NONE Filters NONE Steam 1 RUN: c1612657-4e36-4ba6-b578-3d6139362ef3